 Dungeon Crawl Stone Soup version 0.23-a0-494-g91793a9 (webtiles) character file.

102 Leeroy the Charmwright (level 4, -1/38 HPs)
             Began as a Gnoll Skald on Dec 3, 2018.
             Was a Believer of Uskayaw.
             Slain by a gnoll sergeant
             ... wielding a +2 spear of flaming
              (2 damage)
             ... on level 3 of the Dungeon.
             The game lasted 00:06:55 (1729 turns).

Leeroy the Charmwright (Gnoll Skald)                Turns: 1729, Time: 00:06:56

Health: -1/38      AC:  4    Str: 14    XL:     4   Next: 77%
Magic:  3/11       EV: 14    Int: 15    God:    Uskayaw [**....]
Gold:   150        SH:  0    Dex: 15    Spells: 2/13 levels left

rFire    . . .     SeeInvis .   a - +0 falchion
rCold    . . .     Gourm    .   (no shield)
rNeg     . . .     Faith    .   b - +0 leather armour
rPois    .         Spirit   .   (no helmet)
rElec    .         Reflect  .   (no cloak)
rCorr    .         Harm     .   q - +0 pair of gloves
MR       .....                  (no boots)
Stlth    ++........             (no amulet)
HPRegen  0.12/turn              (no ring)
MPRegen  0.12/turn              (no ring)

@: no status effects
A: distributed training, fangs 1, strong nose
a: Stomp, Line Pass, Renounce Religion


You were on level 3 of the Dungeon.
You worshipped Uskayaw.
Uskayaw was noncommittal.
You were hungry.

You visited 1 branch of the dungeon, and saw 3 of its levels.

You collected 150 gold pieces.

Inventory:

Hand Weapons
 a - a +0 falchion (weapon)
 f - a +0 whip
 h - a +0 club
 i - a +0 dagger
 r - a +0 dagger
 u - a +0 mace
 w - a +0 hunting sling
 A - a +0 blowgun
 B - a +0 hand axe
Missiles
 c - 102 stones (quivered)
 l - 22 poisoned needles
 o - 38 bolts
 p - 5 tomahawks
Armour
 b - a +0 leather armour (worn)
 q - a +0 pair of gloves (worn)
 y - a +0 leather armour
 z - a +0 plate armour
Jewellery
 n - an uncursed ring of fire {unknown}
 t - an uncursed amulet of guardian spirit {unknown}
Scrolls
 e - 3 scrolls of identify {unknown}
 j - 3 scrolls of remove curse {unknown}
 k - a scroll of blinking {unknown}
 m - 2 scrolls of teleportation {unknown}
 s - a scroll of magic mapping {unknown}
 v - a scroll of fog {unknown}
Potions
 g - a potion of agility
 x - a potion of haste {unknown}
Comestibles
 d - 6 rations
 C - a chunk of flesh


   Skills:
 + Level 4.7 Fighting
 + Level 1.2 Short Blades
 + Level 4.7 Long Blades
 + Level 1.2 Axes
 + Level 1.2 Maces & Flails
 + Level 1.2 Polearms
 + Level 1.2 Staves
 + Level 1.2 Slings
 + Level 1.2 Bows
 + Level 1.2 Crossbows
 + Level 1.2 Throwing
 + Level 2.8 Armour
 + Level 4.7 Dodging
 + Level 1.2 Stealth
 + Level 1.2 Shields
 + Level 1.2 Unarmed Combat
 + Level 5.1 Spellcasting
 + Level 1.0 Conjurations
 + Level 1.0 Hexes
 + Level 5.5 Charms
 + Level 1.0 Summonings
 + Level 1.0 Necromancy
 + Level 1.0 Translocations
 + Level 1.0 Transmutations
 + Level 1.0 Fire Magic
 + Level 1.0 Ice Magic
 + Level 1.0 Air Magic
 + Level 1.0 Earth Magic
 + Level 1.0 Poison Magic
 + Level 1.3 Invocations
 + Level 1.2 Evocations


You had 2 spell levels left.
You knew the following spells:

 Your Spells              Type           Power        Failure   Level  Hunger
a - Infusion              Chrm           ###.         1%          1    None
b - Song of Slaying       Chrm           ###.....     3%          2    ##.....
c - Shroud of Golubria    Chrm/Tloc      ##........   8%          2    ##.....
d - Regeneration          Chrm/Necr      ##........   16%         3    ###....
e - Spectral Weapon       Hex/Chrm       ##......     16%         3    ###....

Your spell library contained the following spells:

 Spells                   Type           Power        Failure   Level  Hunger


Dungeon Overview and Level Annotations

Branches:
Dungeon (3/15)

Altars:
Uskayaw


Innate Abilities, Weirdness & Mutations

Your experience applies equally to all skills.
You have very sharp teeth.
Your uncanny sense of smell can sniff out nearby items.


Message History

You hit the gnoll.
The gnoll is severely wounded.
You hear a shout!
The gnoll misses you.
The gnoll sergeant completely misses you.
You hear a shout! x2
You hit the gnoll but do no damage.
The gnoll is severely wounded.
You feel a little less agile now.
The gnoll seems less confused. x2; The gnoll completely misses you.
The gnoll hits you but does no damage. The gnoll sergeant closely misses you.
You hit the gnoll but do no damage.
The gnoll is severely wounded.
The gnoll hits you from afar with a +0 spear.
* * * LOW HITPOINT WARNING * * *
The gnoll misses you.
The gnoll sergeant hits you from afar with a +2 spear of flaming!
* * * LOW HITPOINT WARNING * * *
The gnoll sergeant burns you.
You die...

#....# ....... #.8..#
#.......... #(...#
####.........
##...#####...........
###........###.###.'#
...........#.....#..#
...........#..>g.#g.#
..##..÷.............#
####.÷.....#...w@#..
# #.%.....#...g.# . #
#.......###g###..#.
##
######.............
.# #.###.######..
.########.###..
.'....[.....#...
.########.#.#.... .#
#.#.######


You could see a gnoll sergeant, a worm and 3 gnolls.

Vanquished Creatures
  2 gnolls (D:3)
  2 adders
  3 dart slugs
  A leopard gecko (D:1)
  An orc (D:3)
  2 ball pythons
  A bat (D:2)
  4 giant cockroaches
  A goblin (D:2)
  4 hobgoblins
  9 jackals (D:2)
  8 kobolds
  A quokka (D:3)
  5 frilled lizards
  13 rats
57 creatures vanquished.

Notes
Turn   | Place    | Note
-------+----------+-------------------------------------------
     0 | D:1      | Leeroy the Gnoll Skald began the quest for the Orb.
     0 | D:1      | Reached XP level 1. HP: 20/20 MP: 6/6
    57 | D:1      | Reached XP level 2. HP: 22/26 MP: 7/7
   345 | D:1      | Reached XP level 3. HP: 28/31 MP: 9/9
   442 | D:1      | Reached skill level 5 in Spellcasting
   803 | D:2      | Reached skill level 1 in Invocations
   861 | D:2      | Learned a level 2 spell: Song of Slaying
   864 | D:2      | Learned a level 2 spell: Shroud of Golubria
   868 | D:2      | Learned a level 3 spell: Regeneration
   872 | D:2      | Learned a level 3 spell: Spectral Weapon
   882 | D:2      | Found a faded altar of an unknown god.
   923 | D:2      | Became a worshipper of Uskayaw the Reveler
   923 | D:2      | Reached * piety under Uskayaw
  1021 | D:2      | Reached skill level 1 in Short Blades
  1021 | D:2      | Reached skill level 1 in Axes
  1021 | D:2      | Reached skill level 1 in Maces & Flails
  1021 | D:2      | Reached skill level 1 in Polearms
  1021 | D:2      | Reached skill level 1 in Staves
  1021 | D:2      | Reached skill level 1 in Slings
  1021 | D:2      | Reached skill level 1 in Bows
  1021 | D:2      | Reached skill level 1 in Crossbows
  1021 | D:2      | Reached skill level 1 in Throwing
  1021 | D:2      | Reached skill level 1 in Stealth
  1021 | D:2      | Reached skill level 1 in Shields
  1021 | D:2      | Reached skill level 1 in Unarmed Combat
  1021 | D:2      | Reached skill level 1 in Evocations
  1024 | D:2      | Reached ** piety under Uskayaw
  1077 | D:2      | Reached XP level 4. HP: 18/38 MP: 11/11
  1722 | D:3      | Reached *** piety under Uskayaw
  1725 | D:3      | Reached skill level 1 in Conjurations
  1725 | D:3      | Reached skill level 1 in Hexes
  1725 | D:3      | Reached skill level 1 in Summonings
  1725 | D:3      | Reached skill level 1 in Necromancy
  1725 | D:3      | Reached skill level 1 in Translocations
  1725 | D:3      | Reached skill level 1 in Transmutations
  1725 | D:3      | Reached skill level 1 in Fire Magic
  1725 | D:3      | Reached skill level 1 in Ice Magic
  1725 | D:3      | Reached skill level 1 in Air Magic
  1725 | D:3      | Reached skill level 1 in Earth Magic
  1725 | D:3      | Reached skill level 1 in Poison Magic
  1725 | D:3      | Noticed a gnoll sergeant
  1729 | D:3      | HP: 1/38 [gnoll sergeant/+2 spear of flaming (7)]
  1729 | D:3      | Slain by a gnoll sergeant

Vault maps used:
D:1:      lightli_arrival_chessboard, chequers_serial_rivers_large_b,
          minmay_tromino_v4_a
D:2:      grunt_temple_overflow_gold_and_silver,
          chequers_ecumenical_altar_grove, first_ration
D:3:      mrwooster_statue_mirror, st_stairs_3

Skill      XL: |  1  2  3  4 |
---------------+-------------+-----
Spellcasting   | 5 |  5.1
Invocations    | 1 |  1.3
Short Blades   | 1 |  1.2
Axes           | 1 |  1.2
Maces & Flails | 1 |  1.2
Polearms       | 1 |  1.2
Staves         | 1 |  1.2
Slings         | 1 |  1.2
Bows           | 1 |  1.2
Crossbows      | 1 |  1.2
Throwing       | 1 |  1.2
Stealth        | 1 |  1.2
Shields        | 1 |  1.2
Unarmed Combat | 1 |  1.2
Evocations     | 1 |  1.2
Conjurations   | 1 |  1.0
Hexes          | 1 |  1.0
Summonings     | 1 |  1.0
Necromancy     | 1 |  1.0
Translocations | 1 |  1.0
Transmutations | 1 |  1.0
Fire Magic     | 1 |  1.0
Ice Magic      | 1 |  1.0
Air Magic      | 1 |  1.0
Earth Magic    | 1 |  1.0
Poison Magic   | 1 |  1.0
Fighting       | |  4.7
Long Blades    | |  4.7
Armour         | |  2.8
Dodging        | |  4.7
Charms         | |  5.5

Action                   |  1- 3 |  4- 6 || total
-------------------------+-------+-------++-------
Melee: Falchion          |   110 |    49 ||   159
       Bite              |     8 |     3 ||    11
       Dagger            |     2 |       ||     2
       Punch             |       |     1 ||     1
 Cast: Regeneration      |       |     2 ||     2
Invok: Stomp             |     1 |     2 ||     3
       Line Pass         |       |     1 ||     1
  Use: Potion            |       |     1 ||     1
 Stab: Sleeping          |     1 |       ||     1
       Paralysed         |       |     1 ||     1
  Eat: Chunk             |     1 |     2 ||     3
Armor: Leather armour    |    36 |    11 ||    47
Dodge: Dodged            |   122 |    51 ||   173
       Rpst.: Falchion   |    36 |     9 ||    45

Table legend:
 A = Non-vault XP
 B = Vault XP
 C = Vault XP percentage of total XP
 D = Non-vault monster count
 E = Vault monster count
 F = Vault count percentage of total count
                 A         B        C        D         E       F
            +---------+---------+-------+---------+---------+-------
      Total |     123 |      23 |  15.8 |      51 |       6 |  10.5
            +---------+---------+-------+---------+---------+-------
        D:1 |      32 |       8 |  20.0 |      21 |       4 |  16.0
        D:2 |      55 |       0 |   0.0 |      24 |       0 |   0.0
        D:3 |      36 |      15 |  29.4 |       6 |       2 |  25.0
            +---------+---------+-------+---------+---------+-------
